 Dungeon Crawl Stone Soup version 0.30.1-6-gbe392663c4 (console) character file.

Game seed: 7453480194377388162

3733 Cab the Reanimator (level 9, 0/51 HPs)
             Began as a Mummy Necromancer on Sept 21, 2023.
             Was a Believer of Hepliaklqana.
             Slain by a yak (10 damage)
             ... on level 8 of the Dungeon.
             The game lasted 00:27:47 (6027 turns).

Cab the Reanimator (Mummy Necromancer)              Turns: 6027, Time: 00:27:48

Health: 0/51       AC:  4    Str: 11    XL:     9   Next: 92%
Magic:  1/13       EV: 12    Int: 18    God:    Hepliaklqana [**....]
Gold:   353        SH:  0    Dex: 19    Spells: 7/13 levels left

rFire   . . .        i - +9 whip "Hydrabane" {pain, Drain rN++}
rCold   + + .        (no shield)
rNeg    + + +        h - +0 troll leather armour
rPois   ∞            (no helmet)
rElec   .            e - scarf {rC+ rF+}
rCorr   +            (no gloves)
SInv    .            (no boots)
Will    +....        (no amulet)
Stlth   ++           c - ring of resist corrosion
HPRegen 1.08/turn    t - +6 ring of dexterity
MPRegen 0.13/turn

%: faith
@: no status effects
A: reduced essence, cold resistance 1, negative energy resistance 3, torment
resistance 2, heat vulnerability 1, in touch with death 1, no potions, faith
a: Renounce Religion, Recall Ancestor, Ancestor Identity


You were on level 8 of the Dungeon.
You worshipped Hepliaklqana.
Hepliaklqana was pleased with you.
You visited 1 branch of the dungeon, and saw 8 of its levels.

You collected 353 gold pieces.

Inventory:

Hand Weapons
 b - a +0 short sword
 i - the +9 whip "Hydrabane" (weapon) {pain, Drain rN++}
   (You found it on level 2 of the Dungeon)

   rN:        It greatly protects you from negative energy.
   Drain:     It drains your maximum health when unequipped.
Armour
 e - a scarf of resistance (worn)
 h - a +0 troll leather armour (worn)
 v - a +0 cloak
Jewellery
 a - a ring of protection from cold
 c - a ring of resist corrosion (left hand)
 j - an amulet of guardian spirit
 t - a +6 ring of dexterity (right hand)
Wands
 m - a wand of charming (5)
 q - a wand of acid (7)
 r - a wand of iceblast (9)
 s - a wand of polymorph (11)
Scrolls
 d - 2 scrolls of magic mapping {unknown}
 f - 7 scrolls of identify {unknown}
 g - 2 scrolls of noise {unknown}
 k - 5 scrolls of amnesia {unknown}
 l - 2 scrolls of blinking {unknown}
 n - 2 scrolls of teleportation {unknown}
 o - 2 scrolls of enchant armour {unknown}
 p - 2 scrolls of fear {unknown}
 u - a scroll of poison {unknown}


   Skills:
 - Level 1.9 Short Blades
 - Level 1.3 Maces & Flails
 - Level 1.5 Dodging
 - Level 1.5 Stealth
 - Level 2.6 Spellcasting
 + Level 14.2 Necromancy


You had 7 spell levels left.
You knew the following spells:

 Your Spells              Type           Power      Damage    Failure   Level
a - Necrotise             Necr           100%       1d9       1%          1
b - Agony                 Necr           69%        N/A       1%          5

Your spell library contained the following spells:

 Spells                   Type           Power      Damage    Failure   Level
 Vampiric Draining        Necr           69%        2d10      1%          3
 Animate Dead             Necr           69%        N/A       1%          4
 Apportation              Tloc           4%         N/A       22%         1
 Slow                     Hex            8%         N/A       22%         1
 Confusing Touch          Hex            2%         N/A       54%         3
 Tukima's Dance           Hex            2%         N/A       54%         3
 Passage of Golubria      Tloc           2%         N/A       91%         4
 Alistair's Intoxication  Tmut/Pois      1%         N/A       99%         5
 Fireball                 Conj/Fire      1%         3d3       99%         5
 Iskenderun's Battlesphe  Conj           2%         2d6       99%         5
 Yara's Violent Unravell  Hex/Tmut       1%         3d3       99%         5
 Conjure Ball Lightning   Conj/Air       1%         3x3d6     100%        6
 Orb of Destruction       Conj           1%         9d5       100%        7


Dungeon Overview and Level Annotations

Branches:
Dungeon (8/15)             Temple (0/1) D:7
   Lair: D:8-11

Altars:
Dithmenos
Gozag
Hepliaklqana
Kikubaaqudgha
Nemelex Xobeh
Okawaru
Qazlal
Sif Muna
Trog
Uskayaw


Innate Abilities, Weirdness & Mutations

Your life essence is reduced to manifest your ancestor. (-10% HP)
You are immune to poison.
Your flesh is cold resistant. (rC+)
You are immune to negative energy. (rN+++)
You are immune to unholy pain and torment.
You are vulnerable to heat. (rF-)
You are in touch with the powers of death.
You do not drink.
You have a special connection with the divine. (Faith)


Message History

Here: a yak (heavily wounded, confused, lightly drained)
The floor.
You whack the yak!
The yak writhes in agony.
The yak is severely wounded.
A water moccasin comes into view.
The yak barely misses you. The yak gores you.
You hit the yak but do no damage.
The yak writhes in agony!
The yak is almost dead.
The yak gores you.
The yak closely misses the water moccasin.
You hit the yak.
The yak writhes in agony.
You kill the yak!
The yak gores you.
The water moccasin bites you but does no damage.
Press: ? - help, v - describe, . - travel, g - get item
Here: a water moccasin Item here: a yak corpse.
The floor, spattered with blood.
You don't have enough magic to cast this spell.
You whack the water moccasin!
The water moccasin writhes in agony.
The water moccasin is heavily wounded.
The water moccasin bites you but does no damage.
The yak closely misses you.
You hit the water moccasin.
The water moccasin writhes in agony.
The water moccasin is almost dead.
The water moccasin bites you.
* * * LOW HITPOINT WARNING * * *
The yak closely misses you.
The water moccasin completely misses you.
You whack the water moccasin!
You kill the water moccasin!
The yak gores you but does no damage. The yak attacks as you move away!
The yak gores you.
* * * LOW HITPOINT WARNING * * *
Things that are here:
a water moccasin corpse; a yak corpse You whack the yak!
The yak writhes in agony!
The yak is almost dead.
The yak gores you!
You die... ▒▒ ∙∙ ▒▒∙▒▒▒▒▒▒▒▒∙∙∙ ▒∙∙%Y@<∙∙∙∙∙∙∙ ▒∙∙▒▒▒∙∙∙∙∙∙∙∙ ▒∙ ∙∙∙∙∙∙∙∙∙

▒
▒∙∙∙∙∙∙∙∙∙
▒∙∙∙∙∙∙∙∙∙
▒∙∙∙∙∙∙∙∙∙
▒∙∙∙∙∙∙▒∙▒
▒∙∙∙∙∙∙▒∙▒


You could see a yak.

Vanquished Creatures
  Joseph (D:7)
  Grinder (D:3)
  5 yaks (D:8)
  Sigmund (D:3)
  A wraith (D:6)
  A steam dragon (D:8)
  A water moccasin (D:8)
  A sky beast (D:7)
  2 ice beasts
  A black bear (D:6)
  An ogre (D:4)
  4 bullfrogs
  A gnoll sergeant (D:5)
  4 scorpions
  A crimson imp (D:3)
  2 hounds
  2 jellies
  A gnoll bouda (D:5)
  3 orc priests
  3 sleepcaps
  4 orc wizards
  2 iguanas
  A hexer (D:8)
  16 gnolls
  8 adders
  A shadow imp (D:4)
  4 white imps (D:5)
  An ufetubus (D:5)
  4 dart slugs
  22 orcs
  3 endoplasms
  8 goblins
  3 hobgoblins
  7 jackals (D:2)
  13 kobolds
  5 ball pythons
  3 bats (D:3)
  4 frilled lizards
  2 goblin skeletons (D:3)
  2 goblin zombies (D:3)
  2 hobgoblin zombies (D:3)
  3 kobold skeletons (D:3)
  3 kobold zombies (D:3)
  5 rats
163 creatures vanquished.

Vanquished Creatures (collateral kills)
  A phantom (D:6)
  A white imp (D:6)
  A dart slug (D:1)
  An orc (D:6)
  A jackal (D:2)
5 creatures vanquished.

Vanquished Creatures (others)
  An ancestor (D:6)
1 creature vanquished.

Grand Total: 169 creatures vanquished

Notes
Turn   | Place    | Note
-------+----------+-------------------------------------------
     0 | D:1      | Cab the Mummy Necromancer began the quest for the Orb.
     0 | D:1      | Reached XP level 1. HP: 13/13 MP: 4/4
   337 | D:1      | Reached XP level 2. HP: 17/19 MP: 2/5
   767 | D:1      | Found a faded altar of an unknown god.
  1051 | D:2      | Reached skill level 5 in Necromancy
  1054 | D:2      | Gained mutation: You are in touch with the powers of death.
                  | [Mummy growth]
  1054 | D:2      | Reached XP level 3. HP: 6/24 MP: 2/7
  1674 | D:2      | Identified the +9 whip "Hydrabane" {pain, Drain rN++}
  1795 | D:3      | Reached XP level 4. HP: 21/30 MP: 8/8
  1799 | D:3      | Reached skill level 1 in Short Blades
  2016 | D:3      | Noticed Grinder
  2017 | D:3      | Paralysed by Grinder for 5 turns
  2041 | D:3      | Killed Grinder
  2042 | D:3      | Reached skill level 1 in Maces & Flails
  2042 | D:3      | Reached skill level 6 in Necromancy
  2042 | D:3      | Reached XP level 5. HP: 14/35 MP: 9/9
  2042 | D:3      | Reached XP level 6. HP: 16/41 MP: 10/10
  2106 | D:3      | Learned a level 5 spell: Agony
  2318 | D:3      | Noticed Sigmund
  2324 | D:3      | Killed Sigmund
  2325 | D:3      | Reached skill level 7 in Necromancy
  2421 | D:3      | Reached XP level 7. HP: 40/46 MP: 11/11
  2433 | D:3      | Found an ancient bone altar of Kikubaaqudgha.
  2583 | D:3      | Found an opulent altar of Gozag.
  2821 | D:4      | Found a shadowy altar of Dithmenos.
  2991 | D:4      | Reached skill level 8 in Necromancy
  3229 | D:4      | Found a hide-covered altar of Uskayaw.
  3363 | D:4      | Found a hazy altar of Hepliaklqana.
  3379 | D:4      | Became a worshipper of Hepliaklqana the Forgotten
  3703 | D:5      | Entered Level 5 of the Dungeon
  3835 | D:5      | Reached skill level 9 in Necromancy
  4092 | D:5      | Reached XP level 8. HP: 39/52 MP: 10/12
  4227 | D:5      | Reached skill level 10 in Necromancy
  4251 | D:5      | Found a shimmering blue altar of Sif Muna.
  4355 | D:5      | Reached * piety under Hepliaklqana
  4581 | D:6      | Noticed an air elemental
  4582 | D:6      | Found a stormy altar of Qazlal.
  4636 | D:6      | Reached skill level 11 in Necromancy
  4697 | D:6      | Found a bloodstained altar of Trog.
  4789 | D:6      | Found a sparkling altar of Nemelex Xobeh.
  5319 | D:6      | Reached skill level 12 in Necromancy
  5319 | D:6      | Reached XP level 9. HP: 33/51 MP: 13/13
  5474 | D:6      | Reached ** piety under Hepliaklqana
  5475 | D:6      | Remembered your ancestor Beldrama as a hexer
  5508 | D:7      | Found a staircase to the Ecumenical Temple.
  5535 | D:7      | Noticed Joseph
  5561 | D:7      | Killed Joseph
  5639 | D:7      | Found an iron altar of Okawaru.
  5908 | D:7      | Reached skill level 13 in Necromancy
  5986 | D:7      | Identified the +6 dagger "Onerghois" {freeze, rF++}
  6019 | D:8      | Reached skill level 14 in Necromancy
  6027 | D:8      | Slain by a yak

Illustrated notes

Levels and vault maps discovered:
D:1:      lordsloth_arrival_two_stooges, layout_basic,
          hellmonk_ecumenical_altar_leap_of_faith
D:2:      layout_loops_corners
D:3:      layout_loops_ring, mainiacjoe_overflow_alcove_4,
          nicolae_tso_besieged_by_evil, grunt_gozag_statues, uniq_grinder,
          uniq_sigmund
D:4:      layout_loops_corners, mainiacjoe_overflow_24_doors, kennysheep_mini,
          minmay_misc_feat_roman, kennysheep_diamond, st_stairs_5
D:5:      layout_loops_ring, nicolae_sif_muna_condensation
D:6:      layout_basic, nicolae_qazlal_style_of_elements,
          mainiacjoe_overflow_large_starburst, dk_rats_in_the_wall
D:7:      layout_rooms, okawaru_trees_2, temple_pool_b, uniq_joseph
D:8:      layout_basic, hellmonk_lair_entry_icy, uniq_psyche

Skill      XL: |  1  2  3  4  5  6  7  8  9 |
---------------+----------------------------+-----
Necromancy     | 5 6 7 9 12 14 | 14.2
Short Blades   | 1 |  1.9
Maces & Flails | 1 |  1.3
Dodging        | |  1.5
Stealth        | |  1.5
Spellcasting   | |  2.6

Action                     |  1- 3 |  4- 6 |  7- 9 || total
---------------------------+-------+-------+-------++-------
  Melee: Short sword       |    78 |       |       ||    78
         Whip              |    16 |    65 |   244 ||   325
         Punch             |       |       |     1 ||     1
   Cast: Necrotise         |    26 |     5 |    22 ||    53
         Agony             |       |       |     4 ||     4
 Invoke: Ancestor Identity |       |       |     1 ||     1
         Ancestor Life: He |       |       |     1 ||     1
   Stab: Sleeping          |     1 |     1 |     2 ||     4
         Distracted        |       |       |     1 ||     1
         Confused          |       |       |     2 ||     2
 Armour: Robe              |    11 |       |       ||    11
         Troll leather arm |    13 |     9 |    39 ||    61
  Dodge: Dodged            |    57 |    31 |   117 ||   205
